Unix NetHack Version 5.0.0-0 post-release - last build May 30 2026 05:04:26 (55804bc15828dd6e32e9076e0726aa6fccb6e981,branch:main).

Game began 2026-05-30 01:39:25, ended 2026-05-30 11:43:08.

Kwijibo4686, neutral female human Valkyrie

             ------                          ----- -----------#     ---------
             |....|                          |...| |..........#     |..[....|
             |....|           ------     ####....| |...(.....|#     +.......|
            #.....|          #...{.|     #----...+#..........|#`    |.......|
            #|....|          #|.....#    #|......|#|.........|##    +......>|
            #|.....#         #|.>..|#    #|......|#-----|-----##    -------.-
            #------#         #------#    #|......|##############           #
            #      #         ##     #    #|...----#    #      ##           #
            #      #          #     #    #|...| ###  ###     ###           #
            #    ###          #     #    #|..`.## #  #         ##          #
            #    #------------#   ####   #-----   ####          ##       ###
            #    #|....<.....|#   #------#       #####           ##     ##
            #    #|..........-#   #|....-#     ### # #            # ----.-----
  ----------#    #...........|    #|..._|      #---+-.------      ##|........|
  |(*%)*%%@|#     |..........|    (-.^..       #|..........|       #|........|
  |!!))%*[*|#     ------------     -----       #|...........       #........{|
  |"))%(?@.-#                                  #|......{...|        ----------
  ----------                                   #...........|
                                                ------------

Kwijibo4686 the Fighter     St:18 Dx:16 Co:18 In:9 Wi:12 Ch:8  Neutral
Dlvl:2  $:0  HP:96(96) Pw:27(27) AC:-6 Xp:9 T:8771 

Latest messages:
 You put a blessed unlabeled scroll into the chest.  You put 3 uncursed unlabeled scrolls into the chest.
 What do you want to use or apply? [afksBFI or ?*] a
 You put an uncursed food ration into the sack.  You put an uncursed partly eaten pancake into the sack.
 You put an uncursed ring of conflict into the sack.
 Restoring save file...
 Velkommen Kwijibo4686, the human Valkyrie, welcome back to NetHack!
 You see here an unlocked chest containing 41 items.
 There are several objects here.
 You miss the rock mole.
 The rock mole bites!
 You hit the rock mole!
 You kill the rock mole!
 You are not wearing an amulet.
 You descend the stairs.
 What do you want to use or apply? [afksBFI or ?*] ?
 What do you want to use or apply? [afksBFI or ?*] 5
 No count allowed with this command.
 What do you want to use or apply? [afksBFI or ?*] <space>
 Never mind.
 "Velkommen, Kwijibo4686!  Welcome again to Ouiatchouane's general store!"
 You see here a faded pall (for sale, 80 zorkmids).
 You see here a scroll labeled GNIK SISI VLE (for sale, 133 zorkmids).
 "For you, esteemed lady; only 133 zorkmids for this scroll labeled GNIK SISI VLE."
 D - a scroll labeled GNIK SISI VLE (unpaid, 133 zorkmids).
 You see here a green gem (for sale, 3333 zorkmids).
 You seem to have no gold or credit.
 You see here a dark potion (for sale, 133 zorkmids).
 You see here a scroll labeled XOR OTA (for sale, 133 zorkmids).
 You see here a dark potion (for sale, 133 zorkmids).
 You see here a green gem (for sale, 3333 zorkmids).
 You see here a faded pall (for sale, 80 zorkmids).
 You see here a green gem (for sale, 3333 zorkmids).
 You see here a faded pall (for sale, 80 zorkmids).
 You see here a violet gem (for sale, 533 zorkmids).
 You see here a food ration (for sale, 60 zorkmids).
 You see here a boomerang (for sale, 27 zorkmids).
 You see here an axe (for sale, 11 zorkmids).
 You see here a boomerang (for sale, 27 zorkmids).
 You see here a food ration (for sale, 60 zorkmids).
 You see here a food ration (for sale, 60 zorkmids).
 You see here a lock pick (for sale, 27 zorkmids).
 You see here a scroll labeled XOR OTA (for sale, 133 zorkmids).
 You see here a dark potion (for sale, 133 zorkmids).
 You see here a green gem (for sale, 3333 zorkmids).
 You drop a scroll labeled GNIK SISI VLE (unpaid, 133 zorkmids).
 Unix NetHack Version 5.0.0-0 post-release - last build May 30 2026 05:04:26 (55804bc15828dd6e32e9076e0726aa6fccb6e981,branch:main).
 Really quit without saving? [yn] (n) n
 Really quit without saving? [yn] (n) y
 Ouiatchouane gratefully inherits all your possessions.
 Do you want to see what you had when you quit? [ynq] (y) q

Inventory:
 Weapons  (')')
  H - a +1 spear (weapon in right hand)
 Armor    ('[')
  e - an uncursed +0 dwarvish iron helm (being worn)
  w - an uncursed +0 pair of iron shoes (being worn)
  c - an uncursed +3 small shield (being worn)
  b - a blessed +1 oilskin cloak (being worn)
  h - an uncursed +0 dwarvish mithril-coat (being worn)
 Comestibles  ('%')
  Y - an uncursed lizard corpse
 Wands    ('/')
  f - a wand of digging (0:3)
 Tools    ('(')
  a - an uncursed sack containing 9 items
  F - an uncursed blindfold
  I - an uncursed lock pick
  k - an uncursed oil lamp
  B - an uncursed skeleton key
  s - a +0 unicorn horn
 Gems/Stones  ('*')
  N - an uncursed luckstone

Contents of the sack:
  515 gold pieces
  3 uncursed slime molds
  5 uncursed food rations
  2 uncursed lembas wafers
  an uncursed partly eaten pancake
  an uncursed tripe ration
  an uncursed ring of conflict
  a +0 pick-axe
  a blessed touchstone

Kwijibo4686 the Valkyrie's attributes:

Background:
 You were a Fighter, a level 9 human Valkyrie.
 You were neutral, on a mission for Odin
 who was opposed by Tyr (lawful) and Loki (chaotic).
 You were right-handed.
 You were in the Dungeons of Doom, on level 2.
 You entered the dungeon 8771 turns ago.
 You had 3720 experience points, 1400 more were needed to attain level 10.

Basics:
 You had all 96 hit points.
 You had all 27 energy points (spell power).
 Your armor class was -6.
 Your wallet was empty, but
 you had 515 zorkmids stashed away in your pack.
 Autopickup was on, but temporarily disabled while inside the shop.

Final Characteristics:
 Your strength was 18 (limit:18/100).
 Your dexterity was 16 (limit:18).
 Your constitution was 18 (limit:18).
 Your intelligence was 9 (limit:18).
 Your wisdom was 12 (limit:18).
 Your charisma was 8 (limit:18).

Final Status:
 You weren't hungry.
 You were unencumbered.
 You were wielding a spear.
 You had expert skill with spear.

Final Attributes:
 You were piously aligned.
 You were cold resistant.
 You were telepathic.
 You were stealthy.
 You were guarded.
 You were fast.
 You were very lucky.
 You had extra luck.
 Bad luck did not time out for you.
 Good luck did not time out for you.
 You survived.

Miscellaneous:
 You didn't encounter any bones levels.
 Total elapsed playing time was 2 hours, 23 minutes and 27 seconds.

Major events:
 Turn
    1: Kwijibo4686 the neutral human Valkyrie entered the dungeon
 1547: attained the rank of Skirmisher (level 3)
 1823: entered the Gnomish Mines
 2686: reached Mine Town
 2808: attained the rank of Fighter (level 6)
 6749: acquired the Mines' End luckstone
 8771: quit

You didn't know any spells.

Skills:
 Fighting Skills
   bare handed combat [Unskilled]
   two weapon combat  [Unskilled]
   riding             [Unskilled]
 Weapon Skills
   dagger             [Basic]
   axe                [Unskilled]
   pick-axe           [Unskilled]
   short sword        [Unskilled]
   broadsword         [Unskilled]
   long sword         [Unskilled]
   two-handed sword   [Unskilled]
   saber              [Unskilled]
   hammer             [Unskilled]
   quarterstaff       [Unskilled]
   polearms           [Unskilled]
   spear              [Expert]
   trident            [Unskilled]
   lance              [Unskilled]
   sling              [Unskilled]
 Spellcasting Skills
   attack spells      [Unskilled]
   escape spells      [Unskilled]

Voluntary challenges:
 Character rerolling was not enabled.
 You never genocided any monsters.
 You never polymorphed an object.
 You never changed form.
 You used no wishes.
Achievements:
 You entered a shop.
 You attained the rank of Skirmisher.
 You entered the Gnomish Mines.
 You entered Minetown.
 You attained the rank of Fighter.
 You entered a temple.
 You completed the Gnomish Mines.

 The Dungeons of Doom: levels 1 to 5
    Level 1:
       An altar to Odin, some fountains.
    Level 2: <- You were here.
       A general store, an altar to Odin, many fountains.
       Stairs down to The Gnomish Mines.
    Level 3:
       A potion shop.
    Level 4:
       A fountain, a grave, many trees.
    Level 5:
       A general store, a fountain, a sink.
 The Gnomish Mines: levels 3 to 11
    Level 3:
    Level 4:
    Level 5:
       Many shops, a temple and an altar, many fountains.
    Level 6:
    Level 7:
    Level 8:
    Level 9:
    Level 10:
    Level 11:


Vanquished creatures:
  a large mimic
 an air elemental
  2 giant zombies
  3 small mimics
  a xan
  2 trolls
  a mountain centaur
 an elf mummy
  a giant beetle
  a quivering blob
  a cockatrice
 an orc-captain
  a giant spider
  a black light
  3 gnome rulers
  4 lizards
  a chickatrice
  a dog
  a housecat
  a dwarf leader
  2 black unicorns
  2 gnome mummies
 an ape
  a fire ant
  2 bugbears
  2 quasits
 14 Uruk-hai
  a rock piercer
  2 rock moles
  3 ponies
  2 yellow lights
  a violet fungus
 22 gnome leaders
  4 gnomish wizards
  a gray ooze
  a paper golem
  3 giant ants
  4 floating eyes
 23 dwarves
  a rabid rat
  2 giant bats
  2 orc zombies
  a dwarf zombie
  2 iguanas
  3 killer bees
 an acid blob
  3 hobbits
  2 hobgoblins
  5 giant rats
  4 cave spiders
  a brown mold
  a yellow mold
  a green mold
  a red mold
 81 gnomes
  a gnome zombie
  a gecko
  7 jackals
  2 kobolds
  2 goblins
  5 sewer rats
  a grid bug
  2 lichens
  4 kobold zombies
  9 newts
265 creatures vanquished.

No species were genocided or became extinct.

Farvel Kwijibo4686 the Valkyrie...

You quit in The Dungeons of Doom on dungeon level 2 with 15915 points,
and 515 pieces of gold, after 8771 moves.
You were level 9 with a maximum of 96 hit points when you quit.

